Thunder vs Ice Dragons
Created - January 21, 2020 at 19:14
Goals
|
| Thunder |
2 |
2 |
2 |
6 |
| Ice Dragons |
1 |
1 |
1 |
3 |
|
Shots
|
| Thunder |
8 |
12 |
2 |
22 |
| Ice Dragons |
9 |
18 |
14 |
41 |
|
1st period
1. Thunder , Trevor Lewis 15 (David Wolf 14, Gianluca Curcuruto 4) at 8:05
2. Thunder , Eric Fehr 23 (Dany Roussin 22, William Karlsson 29) at 9:05
3. Ice Dragons , Jordan LaVallee 20 (Brian Boyle 24) at 11:28
Penalties :
Logan MacMillan (Kin) for Holding (Minor) at 12:03, Alex Plante (Kin) for Slashing (Minor) at 18:28
2nd period
4. Thunder , Dany Roussin 20 (Olli Maatta 2, William Karlsson 30) at 1:14
5. Ice Dragons , Jordan LaVallee 21 (Brian Boyle 25) at 2:55 (PP)
6. Thunder , David Wolf 12 (Trevor Lewis 18, Joey Ryan 10) at 14:27
Penalties :
Austin Wuthrich (TRO) for Tripping (Minor) at 2:50, Brayden McNabb (Kin) for Roughing (Minor) at 3:11
3rd period
7. Thunder , Joey Ryan 5 (Olli Maatta 3, William Karlsson 31) at 16:32
8. Thunder , Austin Poganski 3 (Peter Andersson 11) at 18:15
9. Ice Dragons , Corban Knight 20 (Brayden McNabb 25) at 18:53
Penalties :
Derek Forbort (TRO) for Hooking (Minor) at 7:53, Joey Ryan (TRO) for Cross-checking (Minor) at 14:30, Dany Roussin (TRO) for Tripping (Minor) at 19:21
Goalie Stats
Niklas Treutle (TRO), 38 saves from 41 shots - (0.927), W, 9-14-2, 60:00 minutes
Oscar Dansk (Kin), 12 saves from 16 shots - (0.750), L, 1-3-0, 34:27 minutes
Harru Sateri (Kin), 4 saves from 6 shots - (0.667), 25:33 minutes
Players Stats for Thunder
Player Name G A P +/- PIM S H SB GA TA FO MP PP MP PK MP
------------------------------------------------------------------------------------
Artur Gavrus 0 0 0 0 0 0 0 0 0 0 0/0 0:00 0:00 0:00
Austin Poganski 1 0 1 1 0 2 1 0 0 1 0/2 12:55 0:00 0:00
Austin Wuthrich 0 0 0 1 2 0 1 0 0 0 0/0 16:54 2:40 0:00
Colby Cave 0 0 0 0 0 0 0 0 0 0 0/0 2:17 0:05 0:00
Dany Roussin 1 1 2 2 2 2 3 0 0 0 2/3 19:53 3:12 2:00
David Wolf 1 1 2 1 0 4 6 1 1 0 0/0 18:49 2:45 1:16
Derek Forbort 0 0 0 2 2 0 0 2 1 1 0/0 17:47 2:30 0:48
Emil Johansson 0 0 0 0 0 0 0 0 0 0 0/0 7:08 0:00 0:45
Eric Fehr 1 0 1 1 0 2 1 1 0 0 0/4 25:01 3:12 2:20
Gianluca Curcuruto 0 1 1 0 0 0 0 1 0 0 0/0 9:28 0:00 0:00
Jamie McGinn 0 0 0 1 0 1 1 1 1 0 0/0 12:55 0:00 0:00
Jarrod Maidens 0 0 0 0 0 0 0 0 0 0 0/0 2:00 0:00 1:32
Jesper Pettersson 0 0 0 1 0 0 1 1 0 1 0/0 11:05 0:00 1:34
Joey Ryan 1 1 2 2 2 2 1 4 0 1 0/0 24:29 3:27 1:34
Jordan Weal 0 0 0 -1 0 0 1 0 1 0 0/3 7:14 0:00 0:20
Mackenze Stewart 0 0 0 0 0 0 0 0 0 0 0/0 5:46 0:00 0:00
Michael Schumacher 0 0 0 0 0 0 0 0 0 0 0/0 0:00 0:00 0:00
Nikolay Prokhorkin 0 0 0 -1 0 0 1 0 0 0 0/0 6:54 0:00 0:00
Olli Maatta 0 2 2 2 0 3 2 2 1 1 0/0 25:22 3:27 2:26
Peter Andersson 0 1 1 2 0 0 0 2 1 2 0/0 19:24 2:30 2:15
Trevor Lewis 1 1 2 2 0 1 1 0 0 1 6/9 18:05 2:45 0:57
Vincent Dunn 0 0 0 0 0 0 0 0 0 0 0/0 0:00 0:00 0:00
William Karlsson 0 3 3 3 0 3 2 0 2 0 16/31 18:54 3:12 0:57
Zach Stepan 0 0 0 1 0 2 0 0 0 0 0/3 12:55 0:00 0:00
Players Stats for Ice Dragons
Player Name G A P +/- PIM S H SB GA TA FO MP PP MP PK MP
------------------------------------------------------------------------------------
Alex Plante 0 0 0 0 2 0 0 0 0 0 0/0 12:42 0:00 0:00
Brandon Kozun 0 0 0 0 0 1 3 1 0 0 2/2 17:48 2:35 0:00
Brayden McNabb 0 1 1 -1 2 2 4 2 1 1 0/0 25:23 2:42 2:33
Brian Boyle 0 2 2 0 0 2 3 0 0 0 20/29 21:04 2:35 3:04
Chris Wagner 0 0 0 -2 0 0 1 0 0 0 0/0 15:32 2:06 0:00
Corban Knight 1 0 1 -2 0 2 3 0 3 1 5/8 17:49 2:06 2:16
Emil Pettersson 0 0 0 0 0 4 2 0 0 1 0/6 10:08 0:00 0:00
Jordan LaVallee 2 0 2 0 0 11 0 0 0 0 1/5 21:13 2:35 3:14
Juho Lammikko 0 0 0 0 0 1 2 0 0 0 0/1 10:08 0:00 0:00
Justin Shugg 0 0 0 -2 0 1 2 0 0 0 0/0 10:17 0:00 0:00
Kevin Connauton 0 0 0 -1 0 0 1 2 1 2 0/0 26:13 2:42 3:41
Logan MacMillan 0 0 0 -2 2 4 1 0 0 0 1/1 17:00 2:06 1:28
Michael Ferland 0 0 0 0 0 5 0 0 0 0 0/0 11:29 0:00 1:15
Mike Reilly 0 0 0 -3 0 2 1 2 1 0 0/0 21:22 1:59 2:17
Robin Norell 0 0 0 0 0 0 0 0 0 1 0/0 13:20 0:00 1:07
Sam Carrick 0 0 0 -2 0 2 0 1 0 1 2/3 10:27 0:00 0:10
Samuel Groulx 0 0 0 -3 0 3 0 0 0 1 0/0 21:15 1:59 2:16
William Carrier 0 0 0 -2 0 1 1 2 2 0 0/0 10:50 0:00 0:27
3 Stars
1 - David Wolf (TRO)
2 - William Karlsson (TRO)
3 - Trevor Lewis (TRO)
Power Play
Thunder - 0 on 3 Attempt(s) - 0.00%
Ice Dragons - 1 on 4 Attempt(s) - 25.00%
Penalty Kill
Thunder - 3 on 4 Attempt(s) - 75.00%
- Score 0 goal in Penalty Kill
Ice Dragons - 3 on 3 Attempt(s) - 100.00%
- Score 0 goal in Penalty Kill
Team Stat
Thunder - Hits : 22 - Faceoff Wins : 24 - Blocked Shots : 15 - Penalty Minutes : 8
Ice Dragons - Hits : 24 - Faceoff Wins : 31 - Blocked Shots : 10 - Penalty Minutes : 6
Official
Referees : Unknown
Linesman : Unknown
Game Notes
Harru Sateri enters game at 14:27 of 2nd period
Finance
Level 1 -- Attendance: 1316 (65.80%) -- Ticket Income $52,640
Level 2 -- Attendance: 601 (60.10%) -- Ticket Income $12,020
Total Attendance: 1917 (63.90%)
Total Ticket Income: $64,660
Other Income: $3,233
Total Income: $67,893
Thunder
5 vs 5 Forward
Center Left Wing Right Wing Time % Phy DF OF
1 William Karlsson Dany Roussin Eric Fehr 40 1 2 2
2 Trevor Lewis David Wolf Austin Wuthrich 30 1 2 2
3 Zach Stepan Jamie McGinn Austin Poganski 20 1 2 2
4 Jordan Weal Nikolay Prokhorkin Eric Fehr 10 1 2 2
5 vs 5 Defense
Defense Defense Time % Phy DF OF
1 Olli Maatta Joey Ryan 40 1 2 2
2 Peter Andersson Derek Forbort 30 1 2 2
3 Gianluca Curcuruto Jesper Pettersson 20 1 2 2
4 Emil Johansson Mackenze Stewart 10 1 2 2
PowerPlay Forward
Center Left Wing Right Wing Time % Phy DF OF
1 William Karlsson Dany Roussin Eric Fehr 60 1 2 2
2 Trevor Lewis David Wolf Austin Wuthrich 40 1 2 2
PowerPlay Defense
Defense Defense Time % Phy DF OF
1 Olli Maatta Joey Ryan 60 1 2 2
2 Peter Andersson Derek Forbort 40 1 2 2
Penalty Kill 4 Players Forward
Center Wing Time % Phy DF OF
1 Eric Fehr Dany Roussin 60 1 2 2
2 William Karlsson Trevor Lewis 40 1 2 2
Penalty Kill 4 Players Defense
Defense Defense Time % Phy DF OF
1 Olli Maatta Joey Ryan 60 1 2 2
2 Peter Andersson Derek Forbort 40 1 2 2
Penalty Kill - 3 Players Forward
Forward Time % Phy DF OF
1 Eric Fehr 60 1 2 2
2 Dany Roussin 40 1 2 2
Penalty Kill - 3 Players Defense
Defense Defense Time % Phy DF OF
1 Olli Maatta Joey Ryan 60 1 2 2
2 Peter Andersson Derek Forbort 40 1 2 2
4 vs 4 Forward
Center Wing Time % Phy DF OF
1 Eric Fehr Dany Roussin 60 1 2 2
2 William Karlsson Trevor Lewis 40 1 2 2
4 vs 4 Defense
Defense Defense Time % Phy DF OF
1 Olli Maatta Joey Ryan 60 1 2 2
2 Peter Andersson Derek Forbort 40 1 2 2
Last Minutes Offensive
Center Left Wing Right Wing Defense Defense
William Karlsson Dany Roussin Eric Fehr Olli Maatta Joey Ryan
Last Minutes Defensive
Center Left Wing Right Wing Defense Defense
William Karlsson Dany Roussin Eric Fehr Olli Maatta Joey Ryan
Goaltenders
Starting : Niklas Treutle
Backup : Jussi Rynnas
Extra Forwards
Normal : Colby Cave, Vincent Dunn, Jarrod Maidens - PP : Colby Cave, Vincent Dunn - PK : Jarrod Maidens
Extra Defensemen
Normal : Gianluca Curcuruto, Jesper Pettersson, Emil Johansson - PP : Gianluca Curcuruto - PK : Jesper Pettersson, Emil Johansson
Penalty Shots
Eric Fehr, Dany Roussin, William Karlsson, Trevor Lewis, David Wolf
Scratches
Mikko Vainonen (Strained Right Knee Injury), Mason McDonald (Healthy)
Ice Dragons
5 vs 5 Forward
Center Left Wing Right Wing Time % Phy DF OF
1 Brian Boyle Jordan LaVallee Brandon Kozun 40 1 2 2
2 Corban Knight Logan MacMillan Chris Wagner 30 1 2 2
3 Sam Carrick William Carrier Justin Shugg 20 1 2 2
4 Emil Pettersson Michael Ferland Juho Lammikko 10 1 2 2
5 vs 5 Defense
Defense Defense Time % Phy DF OF
1 Brayden McNabb Kevin Connauton 40 1 2 2
2 Samuel Groulx Mike Reilly 30 1 2 2
3 Alex Plante Robin Norell 20 1 2 2
4 Brayden McNabb Kevin Connauton 10 1 2 2
PowerPlay Forward
Center Left Wing Right Wing Time % Phy DF OF
1 Brian Boyle Jordan LaVallee Brandon Kozun 60 1 2 2
2 Corban Knight Logan MacMillan Chris Wagner 40 1 2 2
PowerPlay Defense
Defense Defense Time % Phy DF OF
1 Brayden McNabb Kevin Connauton 60 1 2 2
2 Samuel Groulx Mike Reilly 40 1 2 2
Penalty Kill 4 Players Forward
Center Wing Time % Phy DF OF
1 Jordan LaVallee Brian Boyle 60 1 2 2
2 Corban Knight Logan MacMillan 40 1 2 2
Penalty Kill 4 Players Defense
Defense Defense Time % Phy DF OF
1 Brayden McNabb Kevin Connauton 60 1 2 2
2 Samuel Groulx Mike Reilly 40 1 2 2
Penalty Kill - 3 Players Forward
Forward Time % Phy DF OF
1 Jordan LaVallee 60 1 2 2
2 Brian Boyle 40 1 2 2
Penalty Kill - 3 Players Defense
Defense Defense Time % Phy DF OF
1 Brayden McNabb Kevin Connauton 60 1 2 2
2 Samuel Groulx Mike Reilly 40 1 2 2
4 vs 4 Forward
Center Wing Time % Phy DF OF
1 Jordan LaVallee Brian Boyle 60 1 2 2
2 Corban Knight Logan MacMillan 40 1 2 2
4 vs 4 Defense
Defense Defense Time % Phy DF OF
1 Brayden McNabb Kevin Connauton 60 1 2 2
2 Samuel Groulx Mike Reilly 40 1 2 2
Last Minutes Offensive
Center Left Wing Right Wing Defense Defense
Brian Boyle Jordan LaVallee Brandon Kozun Brayden McNabb Kevin Connauton
Last Minutes Defensive
Center Left Wing Right Wing Defense Defense
Brian Boyle Jordan LaVallee Brandon Kozun Brayden McNabb Kevin Connauton
Goaltenders
Starting : Oscar Dansk
Backup : Harru Sateri
Extra Forwards
Normal : Sam Carrick, William Carrier, Michael Ferland - PP : Sam Carrick, William Carrier - PK : Michael Ferland
Extra Defensemen
Normal : Alex Plante, Robin Norell, Samuel Groulx - PP : Alex Plante - PK : Robin Norell, Samuel Groulx
Penalty Shots
Jordan LaVallee, Brian Boyle, Corban Knight, Logan MacMillan, Brandon Kozun
Scratches
Thomas Gobeil (Healthy), Theodor Blueger (Healthy), Alex Henriksson (Healthy), Cole Ully (Healthy), Adam Clendening (Healthy)
Christian Djoos (Healthy), Billy Sweat (Healthy)
% Time on Ice - Thunder
Lines # - Real PCT - Wanted PCT - Time Play
Normal Forward
1 - 31% - 40% - 15:10
2 - 29% - 30% - 14:23
3 - 26% - 20% - 12:55
4 - 14% - 10% - 6:54
Normal Defense
1 - 39% - 40% - 19:29
2 - 30% - 30% - 14:39
3 - 19% - 20% - 9:28
4 - 12% - 10% - 5:46
PP Forward
1 - 54% - 60% - 3:12
2 - 46% - 40% - 2:45
PP Defense
1 - 58% - 60% - 3:27
2 - 42% - 40% - 2:30
PK Forward
1 - 80% - 60% - 3:44
2 - 20% - 40% - 0:57
PK Defense
1 - 63% - 60% - 2:58
2 - 37% - 40% - 1:43
PK3 Forward
1 - 0% - 60%
2 - 0% - 40%
PK3 Defense
1 - 0% - 60%
2 - 0% - 40%
44 Forward
1 - 0% - 60%
2 - 0% - 40%
44 Defense
1 - 0% - 60%
2 - 0% - 40%
Last Minute Offensive - 0:00
Last Minute Defensive - 0:00
Total
Forward - 60:00
Defense - 60:00
|
% Time on Ice - Ice Dragons
Lines # - Real PCT - Wanted PCT - Time Play
Normal Forward
1 - 31% - 40% - 15:31
2 - 27% - 30% - 13:26
3 - 21% - 20% - 10:17
4 - 21% - 10% - 10:08
Normal Defense
1 - 36% - 40% - 17:56
2 - 34% - 30% - 17:00
3 - 25% - 20% - 12:13
4 - 4% - 10% - 2:13
PP Forward
1 - 55% - 60% - 2:35
2 - 45% - 40% - 2:06
PP Defense
1 - 58% - 60% - 2:42
2 - 42% - 40% - 1:59
PK Forward
1 - 69% - 60% - 4:05
2 - 31% - 40% - 1:52
PK Defense
1 - 62% - 60% - 3:41
2 - 38% - 40% - 2:16
PK3 Forward
1 - 0% - 60%
2 - 0% - 40%
PK3 Defense
1 - 0% - 60%
2 - 0% - 40%
44 Forward
1 - 0% - 60%
2 - 0% - 40%
44 Defense
1 - 0% - 60%
2 - 0% - 40%
Last Minute Offensive - 0:00
Last Minute Defensive - 0:00
Total
Forward - 60:00
Defense - 60:00
|
Play-by-Play
1st period
0:01 of 1st period - William Karlsson wins face-off versus Brian Boyle in neutral zone.
0:26 of 1st period - Snap shot by David Wolf.
0:26 of 1st period - Shot Misses the Net.
0:48 of 1st period - Samuel Groulx is hit by Jamie McGinn and loses puck.
1:12 of 1st period - Off-side.
1:13 of 1st period - Brian Boyle wins face-off versus William Karlsson in neutral zone.
2:11 of 1st period - Snap shot by Justin Shugg.
2:11 of 1st period - Shot Blocked by Joey Ryan.
3:03 of 1st period - Logan MacMillan is hit by David Wolf and loses puck.
3:22 of 1st period - Derek Forbort is hit by Justin Shugg and loses puck.
3:47 of 1st period - Slapshot by Jordan LaVallee.
3:47 of 1st period - Stopped by Niklas Treutle with a rebound.
3:49 of 1st period - Snap shot by Brian Boyle.
3:49 of 1st period - Shot Misses the Net.
3:51 of 1st period - Slapshot by Samuel Groulx.
3:51 of 1st period - Shot Blocked by Gianluca Curcuruto.
4:05 of 1st period - Snap shot by Corban Knight.
4:05 of 1st period - Shot Blocked by Jesper Pettersson.
4:23 of 1st period - Slapshot by William Karlsson.
4:23 of 1st period - Stopped by Oscar Dansk without a rebound.
4:24 of 1st period - Brian Boyle wins face-off versus Trevor Lewis in Ice Dragons zone.
5:21 of 1st period - Snap shot by Logan MacMillan.
5:21 of 1st period - Shot Misses the Net.
5:23 of 1st period - Slapshot by Robin Norell.
5:23 of 1st period - Shot Misses the Net.
5:25 of 1st period - Wrist shot by Corban Knight.
5:25 of 1st period - Shot Blocked by Derek Forbort.
5:27 of 1st period - Slapshot by Samuel Groulx.
5:27 of 1st period - Stopped by Niklas Treutle with a rebound.
5:29 of 1st period - Slapshot by Samuel Groulx.
5:29 of 1st period - Shot Misses the Net.
5:31 of 1st period - Slapshot by Mike Reilly.
5:31 of 1st period - Shot Misses the Net.
6:26 of 1st period - Wrist shot by Jordan LaVallee.
6:26 of 1st period - Stopped by Niklas Treutle with a rebound.
6:42 of 1st period - Gianluca Curcuruto is hit by Brayden McNabb and loses puck.
6:49 of 1st period - Wrist shot by Logan MacMillan.
6:49 of 1st period - Stopped by Niklas Treutle without a rebound.
6:50 of 1st period - Corban Knight wins face-off versus Trevor Lewis in Thunder zone.
7:05 of 1st period - Snap shot by David Wolf.
7:05 of 1st period - Shot Misses the Net.
7:17 of 1st period - Wrist shot by Justin Shugg.
7:17 of 1st period - Shot Misses the Net.
7:23 of 1st period - Slapshot by Joey Ryan.
7:23 of 1st period - Shot Misses the Net.
7:25 of 1st period - Snap shot by Zach Stepan.
7:25 of 1st period - Stopped by Oscar Dansk with a rebound.
7:39 of 1st period - Snap shot by William Karlsson.
7:39 of 1st period - Stopped by Oscar Dansk with a rebound.
7:49 of 1st period - Wrist shot by David Wolf.
7:49 of 1st period - Stopped by Oscar Dansk without a rebound.
7:50 of 1st period - Trevor Lewis wins face-off versus Corban Knight in Ice Dragons zone.
8:01 of 1st period - Slapshot by Trevor Lewis.
8:01 of 1st period - Shot Blocked by Kevin Connauton.
8:03 of 1st period - Snap shot by David Wolf.
8:03 of 1st period - Shot Misses the Net.
8:05 of 1st period - Wrist shot by Trevor Lewis.
8:05 of 1st period - Goal by Trevor Lewis - Thunder : 1 - Ice Dragons : 0.
8:06 of 1st period - William Karlsson wins face-off versus Brian Boyle in neutral zone.
8:59 of 1st period - Icing by Logan MacMillan.
9:00 of 1st period - William Karlsson wins face-off versus Corban Knight in Ice Dragons zone.
9:05 of 1st period - Snap shot by Eric Fehr.
9:05 of 1st period - Goal by Eric Fehr - Thunder : 2 - Ice Dragons : 0.
9:06 of 1st period - Brian Boyle wins face-off versus William Karlsson in neutral zone.
9:31 of 1st period - William Karlsson is hit by Kevin Connauton and loses puck.
9:44 of 1st period - Wrist shot by Logan MacMillan.
9:44 of 1st period - Shot Misses the Net.
10:12 of 1st period - Robin Norell is hit by David Wolf and loses puck.
10:41 of 1st period - Trevor Lewis is hit by Juho Lammikko.
10:48 of 1st period - Icing by Derek Forbort.
10:49 of 1st period - Trevor Lewis wins face-off versus Brian Boyle in Thunder zone.
10:56 of 1st period - Slapshot by Jordan LaVallee.
10:56 of 1st period - Deflect By Brian Boyle.
10:56 of 1st period - Stopped by Niklas Treutle with a rebound.
11:00 of 1st period - Snap shot by Jordan LaVallee.
11:00 of 1st period - Stopped by Niklas Treutle with a rebound.
11:02 of 1st period - Slapshot by Samuel Groulx.
11:02 of 1st period - Shot Misses the Net.
11:04 of 1st period - Wrist shot by Mike Reilly.
11:04 of 1st period - Stopped by Niklas Treutle with a rebound.
11:20 of 1st period - Off-side.
11:21 of 1st period - Brian Boyle wins face-off versus Jordan Weal in neutral zone.
11:26 of 1st period - Snap shot by Jordan LaVallee.
11:26 of 1st period - Stopped by Niklas Treutle with a rebound.
11:28 of 1st period - Snap shot by Jordan LaVallee.
11:28 of 1st period - Goal by Jordan LaVallee - Thunder : 2 - Ice Dragons : 1.
11:29 of 1st period - William Karlsson wins face-off versus Brian Boyle in neutral zone.
11:32 of 1st period - Wrist shot by Eric Fehr.
11:32 of 1st period - Stopped by Oscar Dansk with a rebound.
12:01 of 1st period - Wrist shot by David Wolf.
12:01 of 1st period - Stopped by Oscar Dansk with a rebound.
12:03 of 1st period - Minor Penalty to Logan MacMillan for Holding.
12:04 of 1st period - William Karlsson wins face-off versus Jordan LaVallee in Ice Dragons zone.
12:42 of 1st period - Mike Reilly is hit by Trevor Lewis and loses puck.
13:11 of 1st period - Samuel Groulx is hit by Austin Wuthrich and loses puck.
13:54 of 1st period - Snap shot by Sam Carrick.
13:54 of 1st period - Shot Misses the Net.
14:03 of 1st period - Penalty to Logan MacMillan is over, Logan MacMillan is back on ice.
14:47 of 1st period - Off-side.
14:48 of 1st period - Corban Knight wins face-off versus Jordan Weal in neutral zone.
15:16 of 1st period - Icing by Brian Boyle.
15:17 of 1st period - William Karlsson wins face-off versus Brian Boyle in Ice Dragons zone.
16:14 of 1st period - Kevin Connauton is hit by William Karlsson and loses puck.
16:21 of 1st period - Eric Fehr is hit by Justin Shugg and loses puck.
17:48 of 1st period - Justin Shugg is hit by Dany Roussin and loses puck.
18:28 of 1st period - Minor Penalty to Alex Plante for Slashing.
18:29 of 1st period - William Karlsson wins face-off versus Jordan LaVallee in Ice Dragons zone.
18:56 of 1st period - Kevin Connauton is hit by David Wolf and loses puck.
19:47 of 1st period - Kevin Connauton is hit by David Wolf and loses puck.
Goals for this period are 2 for Thunder vs 1 for Ice Dragons.
Shots for this period are 8 for Thunder vs 9 for Ice Dragons.
2nd period
0:01 of 2nd period - William Karlsson wins face-off versus Jordan LaVallee in neutral zone.
0:10 of 2nd period - Brian Boyle is hit by Eric Fehr and loses puck.
0:25 of 2nd period - Brayden McNabb is hit by David Wolf and loses puck.
0:28 of 2nd period - Penalty to Alex Plante is over, Alex Plante is back on ice.
0:44 of 2nd period - Slapshot by Peter Andersson.
0:44 of 2nd period - Shot Blocked by Brayden McNabb.
0:52 of 2nd period - Snap shot by Corban Knight.
0:52 of 2nd period - Deflect By Logan MacMillan.
0:52 of 2nd period - Shot Misses the Net.
0:52 of 2nd period - Puck is out of play.
0:53 of 2nd period - William Karlsson wins face-off versus Sam Carrick in Thunder zone.
0:58 of 2nd period - Wrist shot by Eric Fehr.
0:58 of 2nd period - Shot Blocked by Mike Reilly.
1:00 of 2nd period - Slapshot by William Karlsson.
1:00 of 2nd period - Deflect By Eric Fehr.
1:00 of 2nd period - Shot Blocked by Sam Carrick.
1:00 of 2nd period - Puck is out of play.
1:01 of 2nd period - Sam Carrick wins face-off versus William Karlsson in Ice Dragons zone.
1:04 of 2nd period - Wrist shot by Dany Roussin.
1:04 of 2nd period - Stopped by Oscar Dansk with a rebound.
1:06 of 2nd period - Slapshot by Olli Maatta.
1:06 of 2nd period - Shot Blocked by William Carrier.
1:08 of 2nd period - Slapshot by Joey Ryan.
1:08 of 2nd period - Stopped by Oscar Dansk with a rebound.
1:10 of 2nd period - Snap shot by William Karlsson.
1:10 of 2nd period - Shot Blocked by William Carrier.
1:12 of 2nd period - Slapshot by Olli Maatta.
1:12 of 2nd period - Shot Misses the Net.
1:14 of 2nd period - Snap shot by Dany Roussin.
1:14 of 2nd period - Goal by Dany Roussin - Thunder : 3 - Ice Dragons : 1.
1:15 of 2nd period - Brian Boyle wins face-off versus Dany Roussin in neutral zone.
2:07 of 2nd period - Zach Stepan is hit by Emil Pettersson and loses puck.
2:16 of 2nd period - Snap shot by Michael Ferland.
2:16 of 2nd period - Shot Misses the Net.
2:50 of 2nd period - Minor Penalty to Austin Wuthrich for Tripping.
2:51 of 2nd period - Brian Boyle wins face-off versus Eric Fehr in Thunder zone.
2:55 of 2nd period - Snap shot by Jordan LaVallee.
2:55 of 2nd period - Goal by Jordan LaVallee - Thunder : 3 - Ice Dragons : 2.
2:56 of 2nd period - William Karlsson wins face-off versus Brian Boyle in neutral zone.
2:56 of 2nd period - William Karlsson is hit by Brian Boyle.
3:11 of 2nd period - Minor Penalty to Brayden McNabb for Roughing.
3:12 of 2nd period - Jordan LaVallee wins face-off versus William Karlsson in Ice Dragons zone.
3:12 of 2nd period - Jordan LaVallee is hit by Dany Roussin.
4:08 of 2nd period - Derek Forbort is hit by Corban Knight and loses puck.
4:21 of 2nd period - Logan MacMillan is hit by Joey Ryan and loses puck.
5:11 of 2nd period - Penalty to Brayden McNabb is over, Brayden McNabb is back on ice.
5:48 of 2nd period - Peter Andersson is hit by Juho Lammikko and loses puck.
6:17 of 2nd period - Slapshot by Kevin Connauton.
6:17 of 2nd period - Shot Blocked by David Wolf.
6:45 of 2nd period - Snap shot by Emil Pettersson.
6:45 of 2nd period - Stopped by Niklas Treutle without a rebound.
6:46 of 2nd period - Trevor Lewis wins face-off versus Emil Pettersson in Thunder zone.
7:01 of 2nd period - Icing by Emil Pettersson.
7:02 of 2nd period - William Karlsson wins face-off versus Juho Lammikko in Ice Dragons zone.
7:19 of 2nd period - Snap shot by Michael Ferland.
7:19 of 2nd period - Shot Blocked by Joey Ryan.
7:21 of 2nd period - Snap shot by Michael Ferland.
7:21 of 2nd period - Deflect By Emil Pettersson.
7:21 of 2nd period - Stopped by Niklas Treutle without a rebound.
7:22 of 2nd period - Brandon Kozun wins face-off versus Zach Stepan in Thunder zone.
7:23 of 2nd period - Wrist shot by Jordan LaVallee.
7:23 of 2nd period - Stopped by Niklas Treutle with a rebound.
7:25 of 2nd period - Slapshot by Brayden McNabb.
7:25 of 2nd period - Shot Blocked by Derek Forbort.
7:29 of 2nd period - Wrist shot by Jordan LaVallee.
7:29 of 2nd period - Stopped by Niklas Treutle without a rebound.
7:30 of 2nd period - William Karlsson wins face-off versus Brian Boyle in Thunder zone.
7:45 of 2nd period - Wrist shot by Brian Boyle.
7:45 of 2nd period - Shot Misses the Net.
7:59 of 2nd period - Snap shot by William Carrier.
7:59 of 2nd period - Shot Misses the Net.
8:01 of 2nd period - Snap shot by Kevin Connauton.
8:01 of 2nd period - Shot Blocked by Peter Andersson.
8:03 of 2nd period - Snap shot by Sam Carrick.
8:03 of 2nd period - Stopped by Niklas Treutle with a rebound.
8:05 of 2nd period - Snap shot by Justin Shugg.
8:05 of 2nd period - Stopped by Niklas Treutle with a rebound.
8:07 of 2nd period - Slapshot by Kevin Connauton.
8:07 of 2nd period - Shot Misses the Net.
8:41 of 2nd period - Slapshot by Olli Maatta.
8:41 of 2nd period - Shot Misses the Net.
8:43 of 2nd period - Slapshot by Joey Ryan.
8:43 of 2nd period - Deflect By Eric Fehr.
8:43 of 2nd period - Shot Misses the Net.
8:43 of 2nd period - Puck is out of play.
8:44 of 2nd period - Brian Boyle wins face-off versus Jordan Weal in Ice Dragons zone.
9:08 of 2nd period - Snap shot by Jordan LaVallee.
9:08 of 2nd period - Stopped by Niklas Treutle without a rebound.
9:09 of 2nd period - Trevor Lewis wins face-off versus Corban Knight in Thunder zone.
9:16 of 2nd period - Wrist shot by David Wolf.
9:16 of 2nd period - Stopped by Oscar Dansk with a rebound.
9:22 of 2nd period - Snap shot by David Wolf.
9:22 of 2nd period - Shot Blocked by Brayden McNabb.
9:34 of 2nd period - Wrist shot by Emil Pettersson.
9:34 of 2nd period - Stopped by Niklas Treutle with a rebound.
9:36 of 2nd period - Slapshot by Brayden McNabb.
9:36 of 2nd period - Shot Misses the Net.
9:38 of 2nd period - Snap shot by Emil Pettersson.
9:38 of 2nd period - Shot Misses the Net.
9:40 of 2nd period - Snap shot by Michael Ferland.
9:40 of 2nd period - Stopped by Niklas Treutle without a rebound.
9:41 of 2nd period - William Karlsson wins face-off versus Emil Pettersson in Thunder zone.
9:50 of 2nd period - Wrist shot by William Karlsson.
9:50 of 2nd period - Stopped by Oscar Dansk without a rebound.
9:51 of 2nd period - William Karlsson wins face-off versus Brian Boyle in Ice Dragons zone.
9:58 of 2nd period - Wrist shot by Dany Roussin.
9:58 of 2nd period - Shot Blocked by Brandon Kozun.
10:21 of 2nd period - Snap shot by William Carrier.
10:21 of 2nd period - Shot Blocked by Joey Ryan.
10:23 of 2nd period - Slapshot by Mike Reilly.
10:23 of 2nd period - Stopped by Niklas Treutle with a rebound.
10:41 of 2nd period - Slapshot by Olli Maatta.
10:41 of 2nd period - Stopped by Oscar Dansk with a rebound.
11:03 of 2nd period - Gianluca Curcuruto is hit by Brayden McNabb and loses puck.
11:22 of 2nd period - Sam Carrick is hit by Nikolay Prokhorkin and loses puck.
11:39 of 2nd period - Wrist shot by Michael Ferland.
11:39 of 2nd period - Stopped by Niklas Treutle without a rebound.
11:40 of 2nd period - Trevor Lewis wins face-off versus Emil Pettersson in Thunder zone.
12:05 of 2nd period - Michael Ferland is hit by Austin Poganski and loses puck.
12:21 of 2nd period - Icing by Mike Reilly.
12:22 of 2nd period - Dany Roussin wins face-off versus Emil Pettersson in Ice Dragons zone.
12:31 of 2nd period - Slapshot by Emil Pettersson.
12:31 of 2nd period - Shot Misses the Net.
12:33 of 2nd period - Slapshot by Samuel Groulx.
12:33 of 2nd period - Stopped by Niklas Treutle with a rebound.
12:51 of 2nd period - Snap shot by Michael Ferland.
12:51 of 2nd period - Stopped by Niklas Treutle with a rebound.
12:53 of 2nd period - Snap shot by Samuel Groulx.
12:53 of 2nd period - Stopped by Niklas Treutle with a rebound.
13:33 of 2nd period - Wrist shot by Michael Ferland.
13:33 of 2nd period - Deflect By Juho Lammikko.
13:33 of 2nd period - Shot Misses the Net.
13:33 of 2nd period - Puck is out of play.
13:34 of 2nd period - Trevor Lewis wins face-off versus Brian Boyle in Thunder zone.
13:45 of 2nd period - Slapshot by Peter Andersson.
13:45 of 2nd period - Shot Blocked by Kevin Connauton.
14:05 of 2nd period - Off-side.
14:06 of 2nd period - Corban Knight wins face-off versus Zach Stepan in neutral zone.
14:17 of 2nd period - Slapshot by Zach Stepan.
14:17 of 2nd period - Stopped by Oscar Dansk without a rebound.
14:18 of 2nd period - Brandon Kozun wins face-off versus Trevor Lewis in Ice Dragons zone.
14:27 of 2nd period - Slapshot by David Wolf.
14:27 of 2nd period - Goal by David Wolf - Thunder : 4 - Ice Dragons : 2.
14:27 of 2nd period - Harru Sateri enters game.
14:28 of 2nd period - Brian Boyle wins face-off versus William Karlsson in neutral zone.
14:30 of 2nd period - Off-side.
14:31 of 2nd period - Brian Boyle wins face-off versus William Karlsson in neutral zone.
14:40 of 2nd period - Olli Maatta is hit by Brian Boyle and loses puck.
14:57 of 2nd period - Slapshot by Olli Maatta.
14:57 of 2nd period - Stopped by Harru Sateri with a rebound.
15:26 of 2nd period - Snap shot by Jamie McGinn.
15:26 of 2nd period - Stopped by Harru Sateri with a rebound.
15:28 of 2nd period - Slapshot by Olli Maatta.
15:28 of 2nd period - Stopped by Harru Sateri with a rebound.
15:30 of 2nd period - Wrist shot by Austin Poganski.
15:30 of 2nd period - Stopped by Harru Sateri with a rebound.
16:57 of 2nd period - Austin Wuthrich is hit by Brandon Kozun and loses puck.
18:20 of 2nd period - Wrist shot by Emil Pettersson.
18:20 of 2nd period - Shot Misses the Net.
18:22 of 2nd period - Slapshot by Brayden McNabb.
18:22 of 2nd period - Deflect By Michael Ferland.
18:22 of 2nd period - Shot Blocked by Jamie McGinn.
18:22 of 2nd period - Puck is out of play.
18:23 of 2nd period - William Karlsson wins face-off versus Emil Pettersson in Thunder zone.
18:23 of 2nd period - William Karlsson is hit by Emil Pettersson.
18:29 of 2nd period - Juho Lammikko is hit by Olli Maatta and loses puck.
19:14 of 2nd period - Snap shot by Brayden McNabb.
19:14 of 2nd period - Shot Misses the Net.
19:16 of 2nd period - Slapshot by Logan MacMillan.
19:16 of 2nd period - Stopped by Niklas Treutle with a rebound.
19:18 of 2nd period - Wrist shot by Logan MacMillan.
19:18 of 2nd period - Deflect By Corban Knight.
19:18 of 2nd period - Stopped by Niklas Treutle with a rebound.
19:20 of 2nd period - Snap shot by Logan MacMillan.
19:20 of 2nd period - Shot Misses the Net.
19:22 of 2nd period - Slapshot by Chris Wagner.
19:22 of 2nd period - Deflect By Logan MacMillan.
19:22 of 2nd period - Stopped by Niklas Treutle with a rebound.
Goals for this period are 2 for Thunder vs 1 for Ice Dragons.
Shots for this period are 12 for Thunder vs 18 for Ice Dragons.
3rd period
0:01 of 3rd period - Brian Boyle wins face-off versus William Karlsson in neutral zone.
0:26 of 3rd period - Joey Ryan is hit by Brayden McNabb and loses puck.
0:47 of 3rd period - Snap shot by Sam Carrick.
0:47 of 3rd period - Stopped by Niklas Treutle without a rebound.
0:48 of 3rd period - Sam Carrick wins face-off versus Austin Poganski in Thunder zone.
0:55 of 3rd period - Snap shot by William Carrier.
0:55 of 3rd period - Stopped by Niklas Treutle with a rebound.
1:01 of 3rd period - Snap shot by William Carrier.
1:01 of 3rd period - Shot Misses the Net.
1:03 of 3rd period - Slapshot by Brayden McNabb.
1:03 of 3rd period - Stopped by Niklas Treutle without a rebound.
1:04 of 3rd period - Brian Boyle wins face-off versus William Karlsson in Thunder zone.
1:05 of 3rd period - Slapshot by Brandon Kozun.
1:05 of 3rd period - Deflect By Olli Maatta.
1:05 of 3rd period - Shot Misses the Net.
1:05 of 3rd period - Puck is out of play.
1:06 of 3rd period - Brian Boyle wins face-off versus William Karlsson in Thunder zone.
1:51 of 3rd period - Snap shot by Brayden McNabb.
1:51 of 3rd period - Stopped by Niklas Treutle with a rebound.
2:10 of 3rd period - Icing by Derek Forbort.
2:11 of 3rd period - William Karlsson wins face-off versus Emil Pettersson in Thunder zone.
2:38 of 3rd period - Mike Reilly is hit by David Wolf and loses puck.
2:45 of 3rd period - David Wolf is hit by Brian Boyle and loses puck.
3:42 of 3rd period - Slapshot by Brandon Kozun.
3:42 of 3rd period - Stopped by Niklas Treutle with a rebound.
3:58 of 3rd period - Wrist shot by Eric Fehr.
3:58 of 3rd period - Shot Misses the Net.
4:46 of 3rd period - Snap shot by Logan MacMillan.
4:46 of 3rd period - Shot Misses the Net.
4:48 of 3rd period - Wrist shot by Logan MacMillan.
4:48 of 3rd period - Shot Blocked by Olli Maatta.
5:04 of 3rd period - Wrist shot by Brandon Kozun.
5:04 of 3rd period - Shot Blocked by Joey Ryan.
5:33 of 3rd period - Snap shot by Emil Pettersson.
5:33 of 3rd period - Stopped by Niklas Treutle with a rebound.
5:35 of 3rd period - Slapshot by Mike Reilly.
5:35 of 3rd period - Deflect By Michael Ferland.
5:35 of 3rd period - Stopped by Niklas Treutle with a rebound.
5:37 of 3rd period - Wrist shot by Michael Ferland.
5:37 of 3rd period - Stopped by Niklas Treutle with a rebound.
5:39 of 3rd period - Slapshot by Mike Reilly.
5:39 of 3rd period - Shot Misses the Net.
5:55 of 3rd period - Nikolay Prokhorkin is hit by Logan MacMillan and loses puck.
6:39 of 3rd period - Off-side.
6:40 of 3rd period - Brian Boyle wins face-off versus Austin Poganski in neutral zone.
6:45 of 3rd period - Austin Poganski is hit by Brayden McNabb and loses puck.
7:10 of 3rd period - Wrist shot by Trevor Lewis.
7:10 of 3rd period - Shot Misses the Net.
7:49 of 3rd period - Wrist shot by Jordan LaVallee.
7:49 of 3rd period - Stopped by Niklas Treutle without a rebound.
7:50 of 3rd period - Dany Roussin wins face-off versus Jordan LaVallee in Thunder zone.
7:50 of 3rd period - Dany Roussin is hit by Brandon Kozun.
7:53 of 3rd period - Minor Penalty to Derek Forbort for Hooking.
7:54 of 3rd period - Brian Boyle wins face-off versus Eric Fehr in Thunder zone.
8:51 of 3rd period - Eric Fehr is hit by Brandon Kozun.
9:19 of 3rd period - Eric Fehr is hit by Corban Knight and loses puck.
9:30 of 3rd period - Kevin Connauton is hit by Olli Maatta and loses puck.
9:53 of 3rd period - Penalty to Derek Forbort is over, Derek Forbort is back on ice.
10:10 of 3rd period - Snap shot by Juho Lammikko.
10:10 of 3rd period - Stopped by Niklas Treutle with a rebound.
10:12 of 3rd period - Slapshot by Robin Norell.
10:12 of 3rd period - Shot Blocked by Peter Andersson.
10:16 of 3rd period - Snap shot by Michael Ferland.
10:16 of 3rd period - Shot Misses the Net.
10:28 of 3rd period - Peter Andersson is hit by William Carrier and loses puck.
10:55 of 3rd period - Kevin Connauton is hit by Jesper Pettersson and loses puck.
11:42 of 3rd period - Backhand shot by Olli Maatta.
11:42 of 3rd period - Shot Blocked by Mike Reilly.
12:09 of 3rd period - Michael Ferland is hit by William Karlsson and loses puck.
12:38 of 3rd period - Jordan LaVallee is hit by Jordan Weal and loses puck.
14:30 of 3rd period - Minor Penalty to Joey Ryan for Cross-checking.
14:31 of 3rd period - Brian Boyle wins face-off versus Eric Fehr in Thunder zone.
15:00 of 3rd period - Dany Roussin is hit by Chris Wagner.
15:20 of 3rd period - Samuel Groulx is hit by Dany Roussin and loses puck.
16:25 of 3rd period - William Karlsson is hit by Mike Reilly and loses puck.
16:30 of 3rd period - Penalty to Joey Ryan is over, Joey Ryan is back on ice.
16:32 of 3rd period - Slapshot by Olli Maatta.
16:32 of 3rd period - Deflect By Joey Ryan.
16:32 of 3rd period - Goal by Joey Ryan - Thunder : 5 - Ice Dragons : 2.
16:33 of 3rd period - Logan MacMillan wins face-off versus William Karlsson in neutral zone.
17:25 of 3rd period - Wrist shot by Jordan LaVallee.
17:25 of 3rd period - Stopped by Niklas Treutle without a rebound.
17:26 of 3rd period - Corban Knight wins face-off versus William Karlsson in Thunder zone.
17:29 of 3rd period - Snap shot by Logan MacMillan.
17:29 of 3rd period - Shot Misses the Net.
18:03 of 3rd period - Off-side.
18:04 of 3rd period - Corban Knight wins face-off versus Zach Stepan in neutral zone.
18:07 of 3rd period - Snap shot by Logan MacMillan.
18:07 of 3rd period - Stopped by Niklas Treutle with a rebound.
18:15 of 3rd period - Snap shot by Austin Poganski.
18:15 of 3rd period - Goal by Austin Poganski - Thunder : 6 - Ice Dragons : 2.
18:16 of 3rd period - Brian Boyle wins face-off versus William Karlsson in neutral zone.
18:48 of 3rd period - David Wolf is hit by Corban Knight and loses puck.
18:53 of 3rd period - Wrist shot by Corban Knight.
18:53 of 3rd period - Goal by Corban Knight - Thunder : 6 - Ice Dragons : 3.
18:54 of 3rd period - Brian Boyle wins face-off versus William Karlsson in neutral zone.
18:59 of 3rd period - Slapshot by Brayden McNabb.
18:59 of 3rd period - Deflect By Jordan LaVallee.
18:59 of 3rd period - Shot Blocked by Olli Maatta.
18:59 of 3rd period - Puck is out of play.
19:00 of 3rd period - Brian Boyle wins face-off versus William Karlsson in Thunder zone.
19:09 of 3rd period - Wrist shot by Brian Boyle.
19:09 of 3rd period - Stopped by Niklas Treutle without a rebound.
19:10 of 3rd period - Brian Boyle wins face-off versus William Karlsson in Thunder zone.
19:19 of 3rd period - Snap shot by Brandon Kozun.
19:19 of 3rd period - Shot Misses the Net.
19:21 of 3rd period - Minor Penalty to Dany Roussin for Tripping.
19:22 of 3rd period - Brian Boyle wins face-off versus Eric Fehr in Thunder zone.
19:27 of 3rd period - Slapshot by Brian Boyle.
19:27 of 3rd period - Shot Blocked by Eric Fehr.
Goals for this period are 2 for Thunder vs 1 for Ice Dragons.
Shots for this period are 2 for Thunder vs 14 for Ice Dragons.
Back to the Top